 Dungeon Crawl Stone Soup version 0.32-a0-975-g85d4e5bfdb (webtiles) character file.

Game seed: 14387695168851469272

17 trashops the Shield-Bearer (level 2, 26/26 HPs)
             Began as a Mountain Dwarf Fighter on Apr 19, 2024.
             Got out of the dungeon alive.
             The game lasted 00:01:54 (945 turns).

trashops the Shield-Bearer (Mountain Dwarf Fighter)  Turns: 945, Time: 00:01:55

Health: 26/26      AC:  6    Str: 18    XL:     2   Next: 44%
Magic:  2/2        EV:  8    Int:  8    God:
Gold:   26         SH:  4    Dex:  9    Spells: 1/1 levels left

rFire   . . .        a - +0 war axe
rCold   . . .        c - +0 buckler
rNeg    . . .        b - +0 scale mail
rPois   .            (no helmet)
rElec   .            (no cloak)
rCorr   .            (no gloves)
SInv    .            (no boots)
Will    .....        (no amulet) Stlth
                     (no ring)
HPRegen 0.24/turn    (no ring)
MPRegen 0.08/turn

%: no passive effects
@: no status effects
A: runic magic, artefact enchanting, devolution 1
a: no special abilities


You escaped.
You visited 1 branch of the dungeon, and saw 2 of its levels.

You collected 26 gold pieces.

Inventory:

Hand Weapons
 a - a +0 war axe (weapon)
Armour
 b - a +0 scale mail (worn)
 c - a +0 buckler (worn)
Jewellery
 e - an amulet of faith
Scrolls
 g - a scroll of poison {unknown}
Potions
 d - a potion of might


   Skills:
 + Level 3.5 Fighting
 * Level 2.9 Axes
 + Level 3.5 Armour
 + Level 3.5 Shields


You had one spell level left.
You didn't know any spells.
Your spell library contained the following spells:

 Spells                   Type           Power      Damage    Failure   Level
 Apportation              Tloc           0%         N/A       58%         1
 Jinxbite                 Hex            0%         N/A       73%         2
 Alistair's Intoxication  Alch           0%         N/A       100%        5


Dungeon Overview and Level Annotations

Branches:
Dungeon (2/15)

Altars:

Shops:
D:2 *


Innate Abilities, Weirdness & Mutations

Your spellcasting is much less encumbered by armour.
You can use scrolls of enchantment on lesser artefacts.
You have hidden genetic defects.


Message History

You barely miss the rat. The rat bites you.
You hit the rat.
You kill the rat!
No target in view!
You see here a rat corpse.
Nothing quivered!
HP restored.
There is an entrance to Qimuywk's Assorted Antiques here.
You see here a rat corpse.
There is a stone staircase leading up here.
e - an amulet of faith You open the door. 2 rats come into view.
The rat squeaks loudly. x2
Found 4 stones.
The rat barely misses you.
There is an open door here.
You slash the rat!
You kill the rat!
Found a spear.
The rat barely misses you.
You see here a rat corpse.
You closely miss the rat. The rat bites you.
You barely miss the rat. The rat barely misses you.
The rat bites you but does no damage.
You closely miss the rat. The rat bites you but does no damage.
You closely miss the rat. You block the rat's attack.
You hit the rat.
You kill the rat!
No target in view!
No target in view!
No target in view!
No target in view!
No target in view!
There is an open door here.
There is a stone staircase leading up here.
You climb upwards.
There is a stone staircase leading down here.
You start to feel less resistant.
Your resistance to elements expires.
There is a staircase leading out of the dungeon here.
You have escaped!

#..)...........# #
#.###...(....### # #.#
#.....#### # #.# ####### #####
# #.# #...# # ##########.#
##### #...# #
...........####...#### #...###
#
.###########.........####.....#
#
.#.##...........@.............#
#
.#......####.....%...####.....#
# .#.....########...####
#.....# # .#.#..........#####
#....## # .####.............#
#....#### ..................#
#......†. #############.....#
####..... ........#......####
#..... .######'#......# #.....


There were no monsters in sight!

Vanquished Creatures
  A dart slug (D:1)
  3 endoplasms (D:1)
  2 jackals (D:1)
  A quokka (D:1)
  2 frilled lizards
  3 kobolds
  4 rats
16 creatures vanquished.

Notes
Turn   | Place    | Note
-------+----------+-------------------------------------------
     0 | D:1      | trashops the Mountain Dwarf Fighter began the quest for the
                  | Orb.
     0 | D:1      | Reached XP level 1. HP: 19/19 MP: 1/1
   276 | D:1      | Reached XP level 2. HP: 26/26 MP: 2/2
   839 | D:1      | Gained mutation: You are weak. (Str -2) [potion of
                  | mutation]
   839 | D:1      | Gained mutation: You are clumsy. (Dex -2) [potion of
                  | mutation]
   841 | D:1      | Lost mutation: You are weak. (Str -2) [potion of mutation]
   841 | D:1      | Lost mutation: You are clumsy. (Dex -2) [potion of
                  | mutation]
   841 | D:1      | Gained mutation: You have hidden genetic defects. [potion
                  | of mutation]
   843 | D:2      | Found Qimuywk's Assorted Antiques.
   945 | D:$      | Got out of the dungeon alive.

Illustrated notes

Levels and vault maps discovered:
D:1:      dpeg_arrival_rhombus, layout_basic, grunt_decor_junction
D:2:      layout_basic, serial_shops, shop, basic_altar

Action                     || total
---------------------------++-------
  Melee: War axe           ||    41
    Use: Potion            ||     3
 Armour: Scale mail        ||    25
  Dodge: Dodged            ||    16
  Block: Buckler           ||     7

Table legend: (Time is in decaauts)
 A = Elapsed time spent in this place.
 B = Non-inter-level travel time spent in this place.
 C = Inter-level travel time spent in this place.
 D = Time resting spent in this place.
 E = Time spent auto-exploring this place.
 F = Levels seen in this place.
 G = Mean time per level.
                   A        B        C        D        E       F      G
               +--------+--------+--------+--------+--------+-----+--------+
         Total |    962 |    893 |     69 |      0 |    770 |   2 |  481.0 |
       Dungeon |    962 |    893 |     69 |      0 |    770 |   2 |  481.0 |
               +--------+--------+--------+--------+--------+-----+--------+

Top non-repeatable levels by time:
     D:1: 908 daAuts
     D:2: 53 daAuts
